 Dungeon Crawl Stone Soup version 0.30.1-11-g7821555f0a (webtiles) character file.

Game seed: 4413768413012519482

309 Okkudo the Cleaver (level 6, -6/50 (52) HPs)
             Began as a Hill Orc Monk on Dec 1, 2023.
             Killed from afar by Crazy Yiuf (9 damage)
             ... with a puff of flame
             ... on level 4 of the Dungeon.
             The game lasted 00:06:23 (3484 turns).

Okkudo the Cleaver (Hill Orc Monk)                  Turns: 3484, Time: 00:06:23

HP:   -6/50 (52)    AC:  5    Str: 16    XL:     6   Next: 41%
MP:   6/6           EV: 11    Int: 10    God:
Gold: 210           SH:  0    Dex: 13    Spells: 5/5 levels left

rFire   . . .        a - +0 hand axe
rCold   . . .        d - orb {light}
rNeg    . . .        j - +0 ring mail
rPois   .            (no helmet)
rElec   .            (no cloak)
rCorr   .            (no gloves)
SInv    .            (no boots)
Will    .....        (no amulet)
Stlth   +            (no ring)
HPRegen 0.28/turn    (no ring)
MPRegen 0.10/turn

%: no passive effects
@: glowing, lightly drained
A: no striking features
a: no special abilities


You were on level 4 of the Dungeon.
You visited 1 branch of the dungeon, and saw 4 of its levels.

You collected 210 gold pieces.

Inventory:

Hand Weapons
 a - a +0 hand axe (weapon)
Missiles
 o - 6 poisoned darts (quivered)
Armour
 d - an orb of light (worn)
 j - a +0 ring mail (worn)
Jewellery
 p - a +6 ring of dexterity
Wands
 u - a wand of polymorph (4)
Scrolls
 f - 7 scrolls of identify {unknown}
 g - 2 scrolls of blinking {unknown}
 k - a scroll of teleportation {unknown}
 n - a scroll of magic mapping {unknown}
 q - 4 scrolls of enchant armour {unknown}
 v - a scroll of silence {unknown}
 w - a scroll of amnesia {unknown}
Potions
 b - a potion of cancellation {unknown}
 c - a potion of ambrosia
 e - 2 potions of lignification {unknown}
 h - a potion of berserk rage {unknown}
 i - 3 potions of brilliance {unknown}
 l - a potion of mutation {unknown}
 m - a potion of degeneration {unknown}
 r - a potion of curing {unknown}
 s - a potion of invisibility {unknown}
 t - a potion of flight {unknown}


   Skills:
 - Level 3.9 Fighting
 * Level 8.9 Axes
 - Level 2.6 Dodging


You had 5 spell levels left.
You didn't know any spells.
Your spell library contained the following spells:

 Spells                   Type           Power      Damage    Failure   Level
 Necrotise                Necr           0%         1d4       58%         1
 Call Canine Familiar     Summ           0%         N/A       91%         3
 Portal Projectile        Hex/Tloc       0%         N/A       91%         3
 Vampiric Draining        Necr           0%         2d6       91%         3
 Leda's Liquefaction      Hex/Erth       0%         N/A       100%        4
 Agony                    Necr           0%         N/A       100%        5


Dungeon Overview and Level Annotations

Branches:
Dungeon (4/15)
 Temple: D:4-7

Altars:
Sif Muna

Annotations:
D:4 Crazy Yiuf


Message History

You hit the adder but do no damage.
The adder is lightly wounded.
The adder bites you but does no damage.
You hit the adder but do no damage.
The adder is lightly wounded.
The adder bites you.
You slash the adder!
The adder is almost dead.
The adder bites you but does no damage.
You hit the adder.
You kill the adder!
You see here an adder corpse.
You see here a +0 mace.
Found a stone staircase leading down.
You see here a +0 spear.
You see here 6 stones.
You see here 6 stones.
Found a hammer.
Found a runed translucent door.
Crazy Yiuf shouts!
You open the door.
Crazy Yiuf zaps a wand.
The puff of flame hits you!
Crazy Yiuf hits you with a +3 quarterstaff of chaos!
Space warps around you.
There is an open translucent door, spattered with blood here.
You barely miss Crazy Yiuf.
Crazy Yiuf screams, "Rifle cower blue!"
Crazy Yiuf hits you with a +3 quarterstaff of chaos!
* * * LOW HITPOINT WARNING * * *
You feel drained.
* * * LOW HITPOINT WARNING * * *
You hit Crazy Yiuf.
Crazy Yiuf is moderately wounded.
Crazy Yiuf zaps a wand.
The puff of flame hits you!
* * * LOW HITPOINT WARNING * * *
You hit Crazy Yiuf.
Crazy Yiuf is heavily wounded.
Crazy Yiuf closely misses you.
You hit Crazy Yiuf.
Crazy Yiuf is severely wounded.
Crazy Yiuf zaps a wand.
The puff of flame hits you!
You die...

###
#####
#.#
#)..#
#.#
#...#
#.#
#.g.#
##.# #@#
########
#..#
♣.♣♣
#....).#
##..##
♣♣.♣
######.#
#....#
♣.♣♣
#### #.#
#.##.#
♣♣.♣
#..###.#
#.####
♣♣.♣♣
#......#
#####.#
♣♣...♣
#..#####
#.....#
♣....♣
#...#
#.....#
#....#
#.#.#


You could see Crazy Yiuf.

Vanquished Creatures
  A phantom (D:4)
  2 hounds (D:4)
  2 orc wizards (D:3)
  5 adders
  A gnoll (D:4)
  A worm (D:2)
  A dart slug (D:4)
  2 orcs (D:3)
  8 endoplasms
  5 giant cockroaches
  4 goblins
  6 hobgoblins
  3 jackals (D:3)
  2 quokkas
  7 ball pythons
  7 bats
  4 frilled lizards
  4 kobolds
  A rat (D:1)
66 creatures vanquished.

Notes
Turn   | Place    | Note
-------+----------+-------------------------------------------
     0 | D:1      | Okkudo the Hill Orc Monk began the quest for the Orb.
     0 | D:1      | Reached XP level 1. HP: 19/19 MP: 1/1
   283 | D:1      | Reached XP level 2. HP: 27/27 MP: 2/2
   873 | D:2      | Reached XP level 3. HP: 27/33 MP: 3/3
   916 | D:2      | Reached skill level 5 in Axes
  1800 | D:3      | Reached XP level 4. HP: 40/40 MP: 4/4
  1814 | D:3      | Reached skill level 6 in Axes
  2035 | D:3      | Found a shimmering blue altar of Sif Muna.
  2079 | D:3      | HP: 2/40 [orc wizard/+0 dagger (1)]
  2081 | D:3      | Reached skill level 7 in Axes
  2081 | D:3      | Reached XP level 5. HP: 3/46 MP: 5/5
  2903 | D:4      | Reached skill level 8 in Axes
  3054 | D:4      | Noticed a phantom
  3066 | D:4      | Killed a phantom
  3067 | D:4      | Reached XP level 6. HP: 41/52 MP: 6/6
  3475 | D:4      | Found a runed translucent door.
  3476 | D:4      | Noticed Crazy Yiuf
  3482 | D:4      | HP: 2/50 [Crazy Yiuf/puff of flame (10)]
  3484 | D:4      | Killed from afar by Crazy Yiuf

Illustrated notes

Levels and vault maps discovered:
D:1:      nicolae_arrival_somewhat_less_tricky_arrival, layout_basic
D:2:      layout_loops_ring, minmay_misc_feat_columns, serial_park_tiny_1
D:3:      layout_basic, kennysheep_orc_sif_temple
D:4:      layout_rooms, cheibrodos_gnoll_hut, uniq_crazy_yiuf_cottage

Skill      XL: |  1  2  3  4  5 |
---------------+----------------+-----
Axes           | 5 7 8 |  8.9
Fighting       | |  3.9
Dodging        | |  2.6

Action                     |  1- 3 |  4- 6 || total
---------------------------+-------+-------++-------
  Melee: Hand axe          |   120 |   133 ||   253
 Armour: Robe              |    11 |       ||    11
         Ring mail         |    13 |    52 ||    65
  Dodge: Dodged            |    65 |    64 ||   129
